 Dungeon Crawl Stone Soup version 0.28-a0-1033-g1a2f33fa85 (webtiles) character file.

Game seed: 18394292498502835050

22044 mainiacjoe the Fighter (level 12, -10/86 HPs)
             Began as a Gargoyle Gladiator on Dec 8, 2021.
             Was a High Priest of Okawaru.
             Collided with a briar patch (12 damage)
             ... caused by a swamp worm
             ... on level 1 of the Lair of Beasts.
             The game lasted 00:38:26 (15736 turns).

mainiacjoe the Fighter (Gargoyle Gladiator)        Turns: 15736, Time: 00:38:27

Health: -10/86     AC: 36    Str: 22    XL:     12   Next: 96%
Magic:  16/19      EV: 10    Int: 10    God:    Okawaru [*****.]
Gold:   493        SH:  5    Dex: 11    Spells: 11/11 levels left

rFire   + . .      SeeInvis .   a - +3 quarterstaff (flame)
rCold   . . .      Faith    .   (shield currently unavailable)
rNeg    + . .      Spirit   .   T - +2 plate armour {rPois}
rPois   ∞          Reflect  +   c - +2 helmet
rElec   +          Harm     .   u - +2 cloak
rCorr   .          Rampage  .   (no gloves)
Will    .....                   G - +2 pair of boots
Stlth   ..........              j - amulet of reflection
HPRegen 0.24/turn               L - ring of protection from fire
MPRegen 0.16/turn               (no ring)

@: heroic, finesse-ful, flying
A: sickness immunity, AC +8, negative energy resistance 1, electricity
resistance, torment resistance 1, petrification resistance
a: Renounce Religion, Heroism, Finesse, Duel


You were on level 1 of the Lair of Beasts.
You worshipped Okawaru.
Okawaru was extremely pleased with you.
You visited 3 branches of the dungeon, and saw 13 of its levels.
You also visited: Bailey and Gauntlet.

You collected 835 gold pieces.
You spent 342 gold pieces at shops.

Inventory:

Hand Weapons
 a - a +3 quarterstaff of flaming (weapon)
 b - a +0 shortbow
 q - the +7 halberd of Incongruity {vorpal, Dex+2}
   (You found it on level 1 of the Lair of Beasts)

   It inflicts extra damage upon your enemies.
   Dex:       It affects your dexterity (+2).
 s - a +2 battleaxe of freezing
 w - a +0 quarterstaff
 F - a +0 hunting sling
 O - a +0 broad axe
 P - a +0 battleaxe
 S - a +2 quarterstaff of pain
Missiles
 d - 3 throwing nets {=F}
 e - 272 stones
 g - 324 arrows
 h - 68 sling bullets
 k - 60 poisoned darts (quivered)
 o - 52 boomerangs
 H - 4 javelins
 N - 6 curare-tipped darts {=F}
Armour
 c - a +2 helmet (worn)
 u - a +2 cloak (worn)
 B - a +4 scale mail of positive energy
 G - a +2 pair of boots (worn)
 M - a +0 ring mail of willpower
 T - a +2 plate armour of poison resistance (worn)
Magical Staves
 m - a staff of fire
Jewellery
 j - an amulet of reflection (around neck)
 L - a ring of protection from fire (left hand)
 Q - an amulet of regeneration
Wands
 f - a wand of iceblast (6)
 v - a wand of acid (9)
 C - a wand of flame (43)
 J - a wand of digging (3)
Scrolls
 p - a scroll of holy word {unknown}
 r - 3 scrolls of teleportation
 t - 2 scrolls of fog
 y - 3 scrolls of fear
 z - 2 scrolls of blinking
 D - 2 scrolls of vulnerability
 E - a scroll of brand weapon
 I - a scroll of torment {unknown}
 K - a scroll of acquirement {unknown}
Potions
 i - 7 potions of curing
 l - 2 potions of mutation
 n - a potion of attraction
 x - 2 potions of flight
 A - a potion of brilliance {unknown}
 U - a potion of berserk rage
Miscellaneous
 R - a lightning rod (4/4)


   Skills:
 + Level 14.9(19.9) Fighting
 - Level 9.0(14.0) Staves
 + Level 8.9(13.9) Bows
 - Level 1.7(6.7) Throwing
 + Level 6.3(11.3) Armour
 - Level 5.4(10.4) Dodging
 - Level 10.0 Invocations


You had 11 spell levels left.
You didn't know any spells.
Your spell library contained the following spells:

 Spells                   Type           Power      Damage    Failure   Level
 Magic Dart               Conj           0%         1d3       99%         1
 Corpse Rot               Necr/Air       0%         N/A       100%        2
 Passwall                 Tmut/Erth      0%         N/A       100%        2
 Poisonous Vapours        Pois/Air       0%         N/A       100%        2
 Scorch                   Fire           0%         2d5       100%        2
 Dazzling Flash           Conj/Hex       0%         N/A       100%        3
 Gell's Gravitas          Tloc           0%         N/A       100%        3
 Lesser Beckoning         Tloc           0%         N/A       100%        3
 Mephitic Cloud           Conj/Pois/Air  0%         N/A       100%        3
 Swiftness                Air            0%         N/A       100%        3
 Teleport Other           Tloc           0%         N/A       100%        3
 Dispel Undead            Necr           0%         3d6       100%        4
 Flame Wave               Conj/Fire      0%         2d4       100%        4
 Petrify                  Tmut/Erth      0%         N/A       100%        4
 Alistair's Intoxication  Tmut/Pois      0%         N/A       100%        5
 Borgnjor's Vile Clutch   Necr/Erth      0%         N/A       100%        5
 Fireball                 Conj/Fire      0%         3d3       100%        5
 Metabolic Englaciation   Hex/Ice        0%         N/A       100%        5
 Eringya's Noxious Bog    Tmut/Pois      0%         N/A       100%        6
 Orb of Destruction       Conj           0%         N/A       100%        7
 Call Imp                 Summ           Unusable   N/A       N/A         2
 Summon Guardian Golem    Hex/Summ       Unusable   N/A       N/A         3
 Death Channel            Necr           Unusable   N/A       N/A         6
 Statue Form              Tmut/Erth      Unusable   N/A       N/A         6
 Summon Cactus Giant      Summ           Unusable   N/A       N/A         6
 Spellforged Servitor     Conj/Summ      Unusable   N/A       N/A         7

Dungeon Overview and Level Annotations

Branches:
Dungeon (11/15)            Temple (1/1) D:4            Lair (1/6) D:11
 Bailey (visited)         Gauntlet (visited)
    Orc: D:9-12

Altars:
Ashenzari
Cheibriados
Dithmenos
Elyvilon
Fedhas
Gozag
Hepliaklqana
Kikubaaqudgha
Makhleb
Nemelex Xobeh
Okawaru
Qazlal
Ru
Sif Muna
Trog
Uskayaw
Vehumet
Wu Jian
Xom
Yredelemnul
Zin
The Shining One

Shops:
D:4 ?

Annotations:
Lair:1 1 transporter


Innate Abilities, Weirdness & Mutations

You are immune to sickness and miasma.
Your stone body is resilient. (AC +8)
You are immune to poison.
You resist negative energy. (rN+)
You are resistant to electric shocks. (rElec)
You are resistant to unholy torment.
You are immune to petrification.


Message History

You are yanked forward by the harpoon shot.
You collide with the briar patch!
The briar patch is moderately damaged.
The swamp worm fires a harpoon shot at you.
The harpoon shot hits you but does no damage.
Really fly into that net trap? [Y]es or [N]o only, please.
Really fly into that net trap?
Okay, then.
The swamp worm fires a harpoon shot at you.
The harpoon shot hits you!!
* * * LOW HITPOINT WARNING * * *
You are yanked forward by the harpoon shot.
You feel much better. You block the swamp worm's attack.
The swamp worm barely misses you.
Your +3 quarterstaff of flaming bursts into flame!
a - a +3 quarterstaff of flaming (weapon)
The swamp worm fires a harpoon shot at you.
The harpoon shot hits you but does no damage.
You closely miss the swamp worm. You sock the swamp worm!
You burn the swamp worm.
The swamp worm is moderately wounded.
The swamp worm bites you!
* * * LOW HITPOINT WARNING * * *
The swamp worm fires a harpoon shot at you.
The harpoon shot misses you.
The harpoon shot hits the swamp worm!
You closely miss the swamp worm.
The swamp worm is severely wounded.
You bludgeon the swamp worm!! You burn the swamp worm.
You kill the swamp worm!
Okawaru accepts your kill.
The swamp worm fires a harpoon shot at you.
The harpoon shot misses you.
The swamp worm fires a harpoon shot at you.
The harpoon shot hits you!
* * * LOW HITPOINT WARNING * * *
You are yanked forward by the harpoon shot.
You collide with the briar patch!
The briar patch is heavily damaged.
You die...

#..............##..
..............#..#
#............##.# ########
#.........##..# ....##.##
#.....<...#...#
.......P####............#
.........##...#########.###
..)...........##§#w#(##..P##
...........####§@#≈≈≈≈##...#
...........#[$#PP§.PP.P#...##
..........©#©$+☼^^^^^^©#©...#
...........#"[#PPP○PP.P#...##
...........####≈≈≈#≈≈≈##...#
..............#w#w#(#♣#...##
..............#########...#
..........................#
.........................##


You could see 3 swamp worms.

Vanquished Creatures
  A boulder beetle (D:11)
  3 hydras
  Erica (D:10)
  4 two-headed ogres
  2 orc knights (Bailey)
  Pikel (D:3)
  An ugly thing (D:11)
  A black mamba (Lair:1)
  4 cane toads (Lair:1)
  A kobold demonologist (D:11)
  4 trolls
  A meliai zombie (D:11)
  A shadow (D:8)
  Sigmund (D:4)
  A wyvern (D:7)
  15 yaks
  2 basilisks (Lair:1)
  Grum (D:8)
  Menkaure (D:4)
  3 vampire mosquitoes (D:11)
  3 swamp worms (Lair:1)
  4 water moccasins
  11 black bears
  11 orc warriors
  An ice beast (D:5)
  A necrophage (D:5)
  10 wolves
  2 ogres
  A lemure (D:4)
  10 centaurs
  3 kobold brigands (D:11)
  5 bullfrogs
  2 gnoll sergeants
  4 scorpions
  A water moccasin skeleton (D:5)
  9 wights
  3 howler monkeys (D:11)
  2 bullfrog skeletons
  2 centaur zombies
  3 hounds
  A bullfrog zombie (D:7)
  Crazy Yiuf (D:4)
  6 orc priests
  Jessica (D:3)
  A centaur skeleton (D:7)
  4 iguanas
  A scorpion zombie (D:5)
  An orc wizard (D:6)
  Natasha (D:2)
  2 killer bee zombies
  2 howler monkey zombies (D:8)
  18 gnolls
  12 adders
  4 white imps
  An adder skeleton (D:4)
  2 worms (D:2)
  46 orcs
  4 bats
  6 endoplasms
  16 goblins
  12 hobgoblins
  5 jackals
  22 kobolds
  2 quokkas
  4 ball pythons
  5 frilled lizards
  A quokka skeleton (D:4)
  2 rats
320 creatures vanquished.

Vanquished Creatures (others)
  3 briar patches (Lair:1)
  22 fungi (D:11)
  30 plants (D:11)
55 creatures vanquished.

Grand Total: 375 creatures vanquished

Notes
Turn   | Place    | Note
-------+----------+-------------------------------------------
     0 | D:1      | mainiacjoe the Gargoyle Gladiator began the quest for the
                  | Orb.
     0 | D:1      | Reached XP level 1. HP: 12/12 MP: 1/1
   129 | D:1      | Found a faded altar of an unknown god.
   202 | D:1      | Reached XP level 2. HP: 5/18 MP: 2/2
   946 | D:2      | Reached XP level 3. HP: 17/22 MP: 3/3
  1239 | D:1      | Reached skill level 3 in Fighting
  1402 | D:2      | Found a shimmering blue altar of Sif Muna.
  1458 | D:2      | Reached XP level 4. HP: 23/28 MP: 4/4
  2260 | D:3      | Noticed Natasha
  2269 | D:2      | Killed Natasha
  2270 | D:2      | Reached skill level 5 in Staves
  2270 | D:2      | Reached XP level 5. HP: 24/33 MP: 5/5
  2619 | D:3      | Noticed Jessica
  2637 | D:3      | Killed Jessica
  2997 | D:3      | Found a basalt altar of Yredelemnul.
  3018 | D:3      | Reached skill level 4 in Fighting
  3235 | D:4      | Reached XP level 6. HP: 38/38 MP: 6/6
  3238 | D:4      | Found a staircase to the Ecumenical Temple.
  3294 | Temple   | Entered the Ecumenical Temple
  3381 | Temple   | Became a worshipper of Warmaster Okawaru
  3432 | D:4      | Noticed a black bear
  3442 | D:4      | Killed a black bear
  3443 | D:4      | Reached skill level 1 in Invocations
  3507 | D:4      | Got Noitigac's Tome of Confrontation
  3822 | D:4      | Noticed Menkaure
  3833 | D:4      | Killed Menkaure
  3834 | D:4      | Reached skill level 5 in Fighting
  3834 | D:4      | Reached XP level 7. HP: 18/44 MP: 6/8
  4062 | D:4      | Noticed Sigmund
  4084 | D:4      | Killed Sigmund
  4084 | D:4      | Reached * piety under Okawaru
  4490 | D:4      | Noticed Pikel
  4551 | D:3      | Killed Pikel
  4552 | D:3      | Reached skill level 6 in Fighting
  4552 | D:3      | Reached XP level 8. HP: 32/52 MP: 7/11
  4926 | D:4      | Found Qakeeroe's Magic Scroll Shoppe.
  4941 | D:4      | Bought a scroll of fog for 24 gold pieces
  4941 | D:4      | Bought a scroll of identify for 24 gold pieces
  4941 | D:4      | Bought a scroll of blinking for 90 gold pieces
  4941 | D:4      | Bought a scroll of identify for 24 gold pieces
  5131 | D:4      | Found a runed translucent door.
  5132 | D:4      | Noticed Crazy Yiuf
  5150 | D:4      | Killed Crazy Yiuf
  5349 | D:5      | Entered Level 5 of the Dungeon
  5732 | D:5      | Reached ** piety under Okawaru
  5733 | D:5      | Reached skill level 5 in Invocations
  5799 | D:5      | Reached skill level 7 in Fighting
  5820 | D:5      | Reached skill level 11 in Fighting
  5820 | D:5      | Reached skill level 5 in Dodging
  5820 | D:5      | Reached XP level 9. HP: 64/64 MP: 13/13
  6016 | D:5      | Reached XP level 10. HP: 70/70 MP: 14/14
  6947 | D:6      | Reached skill level 1 in Bows
  7164 | D:4      | Bought a scroll of enchant armour for 90 gold pieces
  7945 | D:4      | Bought a scroll of enchant armour for 90 gold pieces
  8450 | D:8      | Noticed a two-headed ogre
  8464 | D:8      | Killed a two-headed ogre
  8514 | D:8      | Reached *** piety under Okawaru
  8907 | D:8      | Found a flagged portal.
  8920 | Bailey   | Entered a bailey
  8959 | Bailey   | Noticed an orc knight
  9027 | Bailey   | Noticed an orc knight
  9121 | Bailey   | Reached skill level 12 in Fighting
  9223 | Bailey   | Killed an orc knight
  9441 | Bailey   | Killed an orc knight
  9628 | Bailey   | Reached XP level 11. HP: 69/76 MP: 16/16
  9879 | D:8      | Reached **** piety under Okawaru
  9902 | D:8      | Noticed Grum
  9913 | D:8      | Killed Grum
 10955 | D:9      | Noticed a two-headed ogre
 10971 | D:9      | Killed a two-headed ogre
 10972 | D:9      | Reached skill level 5 in Bows
 11243 | D:9      | Reached skill level 13 in Fighting
 11907 | D:10     | Entered Level 10 of the Dungeon
 11908 | D:10     | Noticed Erica
 12314 | D:10     | Killed Erica
 12314 | D:10     | Received a gift from Okawaru
 12314 | D:10     | Reached ***** piety under Okawaru
 12776 | D:11     | Noticed a two-headed ogre
 12789 | D:11     | Killed a two-headed ogre
 12793 | D:11     | Found a staircase to the Lair.
 12851 | D:11     | Received a gift from Okawaru
 12852 | D:11     | Reached XP level 12. HP: 56/84 MP: 17/17
 12870 | D:11     | Noticed a four-headed hydra
 12887 | D:11     | Killed a four-headed hydra
 12915 | D:11     | Found a gate leading to a gauntlet.
 12923 | Gauntlet | Entered a Gauntlet
 12923 | Gauntlet | Found a transporter.
 12923 | Gauntlet | Found a runed translucent gate.
 12923 | Gauntlet | Found a transporter.
 12923 | Gauntlet | Found a runed translucent gate.
 13055 | Gauntlet | Found a transporter.
 13066 | Gauntlet | Found a runed translucent door.
 13069 | Gauntlet | Found a transporter.
 13083 | Gauntlet | Noticed a death scarab
 13084 | Gauntlet | Found a transporter.
 13084 | Gauntlet | Found a transporter.
 13084 | Gauntlet | Found a transporter.
 13086 | Gauntlet | Found a transporter.
 13086 | Gauntlet | Found a transporter.
 13087 | Gauntlet | Noticed a death scarab
 13088 | Gauntlet | Noticed a hell beast
 13091 | Gauntlet | Noticed a death yak
 13091 | Gauntlet | Noticed a death yak
 13091 | Gauntlet | Noticed a death yak
 13095 | Gauntlet | Noticed a death yak
 13095 | Gauntlet | Noticed a death yak
 13096 | Gauntlet | Noticed a death yak
 13098 | Gauntlet | Found a transporter.
 13114 | Gauntlet | Found a transporter.
 13124 | Gauntlet | Found a transporter.
 13218 | D:11     | Noticed a two-headed ogre
 13232 | D:11     | Killed a two-headed ogre
 13232 | D:11     | Received a gift from Okawaru
 13433 | D:11     | Reached skill level 14 in Fighting
 13454 | D:11     | Received a gift from Okawaru
 13503 | D:11     | Noticed a six-headed hydra
 13513 | D:11     | Killed a six-headed hydra
 14107 | D:11     | Noticed a boulder beetle
 14131 | D:11     | Killed a boulder beetle
 14608 | Lair:1   | Entered Level 1 of the Lair of Beasts
 14619 | Lair:1   | Found a transporter.
 14626 | Lair:1   | Noticed a four-headed hydra
 14635 | Lair:1   | Killed a four-headed hydra
 14686 | Lair:1   | Identified the +7 halberd of Incongruity {vorpal, Dex+2}
 14821 | Lair:1   | Received a gift from Okawaru
 14969 | Lair:1   | Found a transporter.
 15474 | Lair:1   | Reached skill level 10 in Invocations
 15729 | Lair:1   | HP: 3/86 [swamp worm/harpoon shot (21)]
 15736 | Lair:1   | HP: 2/86 [swamp worm/harpoon shot (10)]
 15736 | Lair:1   | Collided with a briar patch

Illustrated notes

Levels and vault maps discovered:
D:1:      moated_graveyard_arrival, layout_basic,
          shapermc_ecumenical_altar_acropolis
D:2:      minmay_skewed_foursquare, layout_rooms, basic_altar,
          kennysheep_generic_room_8
D:3:      layout_basic, mainiacjoe_overflow_catwalk, small_statue_intersection,
          uniq_jessica, uniq_natasha
D:4:      layout_loops_corners, minmay_temple_entry_arrows, serial_shops, shop,
          uniq_menkaure, uniq_sigmund, uniq_pikel, uniq_crazy_yiuf_cottage
D:5:      layout_basic, kennysheep_generic_room_7
D:6:      layout_cave_pods, minmay_misc_feat_doors
D:7:      layout_loops_ring, kennysheep_generic_room_11
D:8:      layout_loops_ring, enter_bailey_3, amcnicky_mini_corridor_feature,
          kennysheep_generic_room_2, uniq_grum
D:9:      layout_basic
D:10:     layout_loops_ring, uniq_erica
D:11:     layout_basic, due_lair_maze_entry_diamond, gauntlet_entry_generic
Temple:   dpeg_three_leaves_temple
Lair:1:   gammafunk_worm_tunnel, layout_cave_pods, beast_lair_carwin_1

Skill      XL: |  1  2  3  4  5  6  7  8  9 10 11 12 |
---------------+-------------------------------------+-----
Fighting       | 3 4 5 6 11 12 13 14 | 14.9
Staves         | 4 5 6 7 8 9 |  9.0
Invocations    | 2 4 5 6 7 10 | 10.0
Armour         | 6 |  6.3
Dodging        | 5 |  5.4
Bows           | 3 6 8 |  8.9
Throwing       | |  1.7

Action                   |  1- 3 |  4- 6 |  7- 9 | 10-12 || total
-------------------------+-------+-------+-------+-------++-------
Melee: Quarterstaff      |    65 |   139 |   138 |   629 ||   971
 Fire: Hunting sling     |       |    38 |    62 |    81 ||   181
       Shortbow          |       |       |       |   279 ||   279
Throw: Stone             |    38 |    85 |    22 |    11 ||   156
       Throwing net      |       |       |     3 |     1 ||     4
       Dart              |       |       |     1 |    48 ||    49
       Javelin           |       |       |       |     4 ||     4
Invok: Heroism           |       |       |     5 |    17 ||    22
       Finesse           |       |       |       |     2 ||     2
  Use: Scroll            |       |     6 |     5 |     7 ||    18
       Potion            |       |       |     3 |     6 ||     9
 Stab: Petrifying        |       |       |       |     2 ||     2
Armor: Leather armour    |    10 |       |       |       ||    10
       Ring mail         |    23 |    64 |    52 |    39 ||   178
       Plate armour      |       |       |    22 |    94 ||   116
       Scale mail        |       |       |       |   244 ||   244
Dodge: Dodged            |    53 |    70 |    62 |   299 ||   484
Block: Other             |       |       |       |    97 ||    97
       Reflection        |       |       |       |     8 ||     8

Table legend: (Time is in decaauts)
 A = Elapsed time spent in this place.
 B = Non-inter-level travel time spent in this place.
 C = Inter-level travel time spent in this place.
 D = Time resting spent in this place.
 E = Time spent auto-exploring this place.
 F = Levels seen in this place.
 G = Mean time per level.
                   A        B        C        D        E       F      G
               +--------+--------+--------+--------+--------+-----+--------+
         Total |  15513 |  14788 |    725 |   1488 |   9843 |  15 | 1034.2 |
       Dungeon |  13230 |  12513 |    717 |   1171 |   8749 |  11 | 1202.7 |
        Temple |     96 |     88 |      8 |      0 |     55 |   1 |   96.0 |
          Lair |   1067 |   1067 |      0 |      0 |    740 |   1 | 1067.0 |
        Bailey |    913 |    913 |      0 |    317 |    109 |   1 |  913.0 |
      Gauntlet |    205 |    205 |      0 |      0 |    190 |   1 |  205.0 |
               +--------+--------+--------+--------+--------+-----+--------+

Top non-repeatable levels by time:
     D:4: 2005 daAuts
    D:11: 1579 daAuts
     D:1: 1380 daAuts
     D:9: 1295 daAuts
     D:7: 1112 daAuts
     D:5: 1085 daAuts
  Lair:1: 1067 daAuts
     D:6: 1031 daAuts
     D:8: 991 daAuts
     D:2: 975 daAuts
     D:3: 955 daAuts
  Bailey: 913 daAuts
    D:10: 817 daAuts
Gauntlet: 205 daAuts
  Temple: 96 daAuts
